 Dungeon Crawl Stone Soup version 0.19.1-1-g22dce08 (webtiles) character file.

87 ponk the Ruffian (level 4, -4/38 HPs)
             Began as a Ghoul Monk on Jan 8, 2017.
             Was a Believer of Trog.
             Slain by an orc
             ... wielding a +0 flail
              (6 damage)
             ... on level 3 of the Dungeon.
             The game lasted 00:11:30 (2039 turns).

ponk the Ruffian (Ghoul Monk)                       Turns: 2039, Time: 00:11:30

Health: -4/38      AC:  5    Str: 15    XL:     4   Next: 51%
Magic:  3/3        EV: 11    Int:  5    God:    Trog [**....]
Gold:   112        SH:  0    Dex: 11    Spells: 1 memorised, 2 levels left

rFire  . . .     SeeInvis .       - Unarmed
rCold  + . .     Gourm    .     i - +0 ring mail
rNeg   + + +     Faith    .     (no shield)
rPois  ∞         Spirit   .     (no helmet)
rElec  .         Reflect  .     (no cloak)
rCorr  +         Harm     .     (no gloves)
MR     .....                    (no boots)
Stlth  +.........               (no amulet)
                                p - ring of flight
                                g - ring of resist corrosion

@: rotting
A: rotting body, claws 1, carnivore 3, cold resistance 1, negative energy
resistance 3, slow regeneration 1, torment resistance, unbreathing
a: Trog's Hand, Burn Spellbooks, Renounce Religion, Evoke Flight


You were on level 3 of the Dungeon.
You worshipped Trog.
Trog was pleased with you.
You were not hungry.

You visited 1 branch of the dungeon, and saw 3 of its levels.

You collected 112 gold pieces.

Inventory:

Armour
 i - a +0 ring mail (worn)
Jewellery
 g - a ring of resist corrosion (left claw)
 p - a ring of flight (right claw)
Wands
 m - a wand of paralysis (13/24)
Scrolls
 d - a scroll of enchant armour {unknown}
 h - 2 scrolls of blinking
 k - a scroll of amnesia {unknown}
 l - a scroll of magic mapping {unknown}
Potions
 e - a potion of heal wounds
 f - a potion of resistance
 j - a potion of ambrosia {unknown}
 n - 2 potions of lignification {unknown}
 o - a potion of flight {unknown}
 q - a potion of might {unknown}
Comestibles
 b - 3 meat rations
 c - 3 chunks of flesh


   Skills:
 + Level 3.5 Fighting
 + Level 1.5 Armour
 + Level 3.3 Dodging
 + Level 2.2 Stealth
 + Level 4.1 Unarmed Combat
 - Level 0.1 Spellcasting
 - Level 0.1 Hexes


You had 2 spell levels left.
You knew the following spells:

 Your Spells              Type           Power        Failure   Level  Hunger
a - Corona                Hex            #......      89%         1    ##.....


Dungeon Overview and Level Annotations

Branches:
Dungeon (3/15)

Altars:
Trog


Innate Abilities, Weirdness & Mutations

Your body is rotting away.
You thrive on raw meat.
You are immune to poison.
You have sharp fingernails.
You are carnivorous and can eat meat at any time.
Your flesh is cold resistant. (rC+)
You are immune to negative energy. (rN+++)
You regenerate slowly when monsters are visible.
You are immune to unholy pain and torment.
You can survive without breathing.


Message History

You scratch the orc.
The orc is moderately wounded.
The orc barely misses you.
You closely miss the orc.
The orc is lightly wounded.
The orc completely misses you.
You barely miss the orc.
The orc is lightly wounded.
The orc hits you with a flail!
* * * LOW HITPOINT WARNING * * *
The orc priest closely misses you. The orc barely misses you.
You barely miss the orc priest.
The orc priest calls upon Beogh to heal the orc.
The orc's wounds heal themselves!
The orc hits you with a flail.
* * * LOW HITPOINT WARNING * * *
The orc barely misses you.
You scratch the orc priest but do no damage.
The orc priest looks satisfied for a moment.
The orc closely misses you. The orc hits you with a flail.
You die...

###8.8###.# ...
#.......#.###.#
#.#8.8#......#
####
#.##.####.#.###...
# ...#...........#
#..##.##.#.###..#
#.. # #.#.# ..#
#.. #..o###s.##.#.
#.. #..o@oog......
##.####..#o...
..... ..... .
.......# .##..o.
#####...# .. ...
#..!# .. .. #...#
.o# . ..... ..o


You could see an orc priest, 4 orcs, a giant cockroach and a hobgoblin.

Vanquished Creatures
  3 adders
  2 oozes (D:2)
  2 dart slugs (D:1)
  A leopard gecko (D:2)
  A ball python (D:2)
  4 giant cockroaches
  3 goblins
  10 hobgoblins
  4 kobolds
  A quokka (D:2)
  6 bats
  7 rats
44 creatures vanquished.

Notes
Turn   | Place    | Note
-------+----------+-------------------------------------------
     0 | D:1      | ponk the Ghoul Monk began the quest for the Orb.
     0 | D:1      | Reached XP level 1. HP: 19/19 MP: 0/0
   297 | D:1      | Reached XP level 2. HP: 25/26 MP: 1/1
   905 | D:1      | Reached XP level 3. HP: 25/31 MP: 2/2
  1375 | D:2      | Reached skill level 1 in Armour
  1556 | D:2      | Found a bloodstained altar of Trog.
  1626 | D:2      | Reached XP level 4. HP: 35/38 MP: 3/3
  1652 | D:2      | Learned a level 1 spell: Corona
  1939 | D:2      | Became a worshipper of Trog the Wrathful
  1939 | D:2      | Reached * piety under Trog
  1939 | D:2      | Reached ** piety under Trog
  2000 | D:3      | Reached skill level 4 in Unarmed Combat
  2039 | D:3      | Slain by an orc

Skill      XL: |  1  2  3  4 |
---------------+-------------+-----
Dodging        | 3 |  3.3
Armour         | 1 |  1.5
Unarmed Combat | 4 |  4.1
Fighting       | |  3.5
Stealth        | |  2.2
Spellcasting   | |  0.1
Hexes          | |  0.1

Action                   |  1- 3 |  4- 6 || total
-------------------------+-------+-------++-------
Melee: Unarmed           |   130 |    44 ||   174
       Punch             |     3 |     1 ||     4
Invok: Burn Spellbooks   |       |     1 ||     1
  Use: Scroll            |     3 |       ||     3
       Potion            |     4 |       ||     4
  Eat: Chunk             |     3 |     1 ||     4
Armor: Leather armour    |    16 |       ||    16
       Ring mail         |    25 |    11 ||    36
Dodge: Dodged            |    97 |    30 ||   127
